 Dungeon Sprint DCSS version 0.29-a0-221-gceb61267dd (webtiles) character file.

Game seed: 3657366016346710396

790 boopmooplesden the Cleaver (level 7, -1/78 HPs)
             Began as a Minotaur Berserker on Feb 26, 2022.
             Was a Priest of Trog.
             Slain by a vampire mosquito (6 damage)
             ... in the Dungeon (Sprint II: "The Violet Keep of Menkaure").
             The game lasted 00:00:46 (422 turns).

boopmooplesden the Cleaver (Minotaur Berserker)      Turns: 422, Time: 00:00:46

Health: -1/78      AC:  2    Str: 21    XL:     7   Next: 57%
Magic:  6/6        EV: 14    Int:  4    God:    Trog [***...]
Gold:   729        SH:  0    Dex: 12    Spells: 6/6 levels left

rFire   . . .      SeeInvis .   a - +0 hand axe
rCold   . . .      Faith    .   (no shield)
rNeg    . . .      Spirit   .   b - +0 animal skin
rPois   .          Reflect  .   (helmet restricted)
rElec   .          Harm     .   (no cloak)
rCorr   .          Rampage  .   (no gloves)
Will    .....      NoTele   +   (no boots)
Stlth   +.........              (no amulet)
HPRegen 0.23/turn               (no ring)
MPRegen 0.10/turn               (no ring)

@: very slow
A: horns 2, retaliatory headbutt
a: Renounce Religion, Berserk, Trog's Hand


You were in the Dungeon.
You worshipped Trog.
Trog was most pleased with you.
You visited 1 branch You collected 729 gold pieces.

Inventory:

Hand Weapons
 a - a +0 hand axe (weapon)
Armour
 b - a +0 animal skin (worn)
Scrolls
 h - a scroll of blinking
Potions
 d - a potion of heal wounds
 e - a potion of haste
 f - 2 potions of magic
 g - a potion of berserk rage


   Skills:
 + Level 12.9 Fighting
 + Level 13.0 Axes
 + Level 6.5 Armour
 + Level 6.8 Dodging


You had 6 spell levels left.
You didn't know any spells.
Your spell library was empty.

Dungeon Overview and Level Annotations

Branches:
Dungeon (1/1)

Altars:

Shops:
D *=!==![(:[


Innate Abilities, Weirdness & Mutations

You have a pair of horns on your head.
You reflexively headbutt those who attack you in melee.


Message History

Your unstable footing causes you to fumble your attack.
The vampire mosquito bites you!
The vampire mosquito draws strength from your injuries!
The vampire mosquito misses you.
Your unstable footing causes you to fumble your attack.
The vampire mosquito bites you.
The vampire mosquito draws strength from your injuries!
You barely miss the vampire mosquito. You headbutt the vampire mosquito!
The vampire mosquito is heavily damaged.
The vampire mosquito bites you.
The vampire mosquito draws strength from your injuries!
You miss the vampire mosquito.
The vampire mosquito is heavily damaged.
The vampire mosquito bites you!
The vampire mosquito draws strength from your injuries!
Your unstable footing causes you to fumble your attack.
The vampire mosquito bites you!
* * * LOW HITPOINT WARNING * * *
The vampire mosquito draws strength from your injuries!
The vampire mosquito bites you!
* * * LOW HITPOINT WARNING * * *
The vampire mosquito draws strength from your injuries!
Your unstable footing causes you to fumble your attack.
The vampire mosquito bites you.
* * * LOW HITPOINT WARNING * * *
The vampire mosquito draws strength from your injuries!
Your unstable footing causes you to fumble your attack.
The vampire mosquito closely misses you.
You furiously retaliate!
You headbutt the vampire mosquito.
Your unstable footing causes you to fumble your attack.
The vampire mosquito bites you.
* * * LOW HITPOINT WARNING * * *
The vampire mosquito draws strength from your injuries!
You hit the vampire mosquito. Your punch misses the vampire mosquito.
The vampire mosquito is lightly damaged.
The vampire mosquito closely misses you.
You closely miss the vampire mosquito. You headbutt the vampire mosquito!
The vampire mosquito is severely damaged.
The vampire mosquito bites you.
You die...

∩.∩...#≈≈≈ #..#..#
.∩.∩..#≈≈####.#†####
∩.∩.∩.#≈##.###†###.##
.....∩#≈#...##.##...#
....∩.+≈'##.'.<.'.#.+
.....∩#≈#.####.##.).#
▓▓▓▓###≈##.# #+###.##
.######≈≈###


B#B ### [ ##@≈≈#.. .. #y#≈##. .## #"#≈≈## ## ### ≈≈≈ +++# ≈ You could see a
vampire mosquito.

Vanquished Creatures
  A merfolk siren (D)
  A water moccasin (D)
  4 necrophages (D)
  3 worms (D)
9 creatures vanquished.

Notes
Turn   | Place    | Note
-------+----------+-------------------------------------------
     0 | D        | boopmooplesden the Minotaur Berserker began the quest for
                  | the Orb.
     0 | D        | Reached XP level 1. HP: 19/19 MP: 0/0
     1 | D        | Noticed a necrophage
     1 | D        | Noticed a necrophage
     1 | D        | Noticed a necrophage
     1 | D        | Noticed a necrophage
     5 | D        | Killed a necrophage
     6 | D        | Reached skill level 7 in Axes
     6 | D        | Reached XP level 2. HP: 34/34 MP: 1/1
     6 | D        | Reached XP level 3. HP: 39/39 MP: 2/2
     6 | D        | Reached XP level 4. HP: 47/47 MP: 3/3
     8 | D        | Killed a necrophage
     9 | D        | Reached skill level 9 in Axes
     9 | D        | Reached XP level 5. HP: 56/56 MP: 4/4
    15 | D        | Killed a necrophage
    15 | D        | Reached ** piety under Trog
    16 | D        | Reached skill level 10 in Axes
    20 | D        | Killed a necrophage
    21 | D        | Reached skill level 10 in Fighting
    21 | D        | Reached skill level 5 in Armour
    21 | D        | Reached skill level 5 in Dodging
    21 | D        | Reached XP level 6. HP: 67/67 MP: 5/5
    66 | D        | Noticed a merfolk siren
    81 | D        | Killed a merfolk siren
    82 | D        | Reached skill level 12 in Axes
    82 | D        | Reached XP level 7. HP: 73/78 MP: 6/6
    92 | D        | Noticed a boulder beetle
    92 | D        | Noticed a boulder beetle
   103 | D        | Reached *** piety under Trog
   112 | D        | Found Soudghig's Antique Armour Shop.
   113 | D        | Found Qugg's Book Boutique.
   113 | D        | Found Ticuidd's Antique Armour Shop.
   113 | D        | Found Cuose's Jewellery Boutique.
   113 | D        | Found Tosenuny's Distillery.
   113 | D        | Found Gaha's Distillery.
   113 | D        | Found Duej's Jewellery Shop.
   120 | D        | Found Esath's Antique Weapon Boutique.
   120 | D        | Found Vykargh's Jewellery Shop.
   120 | D        | Found Wyhob's General Store.
   120 | D        | Noticed a cane toad
   129 | D        | Reached skill level 13 in Axes
   408 | D        | Noticed a vampire mosquito
   422 | D        | Slain by a vampire mosquito

Illustrated notes

Levels and vault maps discovered:
D:        the_violet_keep_of_menkaure [sprint2_stairs_cluster_1,
          sprint2_shoproom, sprint2_temple, sprint2_basic_supplies,
          sprint2_obstacle_2, sprint2_obstacle_5, sprint2_obstacle_3,
          sprint2_obstacle_1, sprint2_obstacle_4, sprint2_timed_cluster_1,
          sprint2_smallroom_cluster_1, sprint2_smallroom_final_cluster_1,
          sprint2_transparent_cluster_1, sprint2_second_timed_cluster_1,
          sprint2_sniper_area_1, sprint2_heavy_combat_area_1,
          sprint2_mutation_trap_area_1, sprint2_forest_area_1,
          sprint2_light_combat_area_1, sprint2_behind_water_1,
          sprint2_near_end_vault_1]

Skill      XL: |  1  2  3  4  5  6  7 |
---------------+----------------------+-----
Fighting       | 7 8 10 12 | 12.9
Axes           | 7 9 10 12 13 | 13.0
Armour         | 3 4 5 6 |  6.5
Dodging        | 3 4 5 6 |  6.8

Action                   |  1- 3 |  4- 6 |  7- 9 || total
-------------------------+-------+-------+-------++-------
Melee: Hand axe          |     3 |    27 |    32 ||    62
       Headbutt          |     1 |     5 |     8 ||    14
Invok: Berserk           |     1 |       |       ||     1
  Use: Potion            |       |       |     1 ||     1
Armor: Animal skin       |       |     1 |     1 ||     2
Dodge: Dodged            |       |     3 |     6 ||     9

Table legend: (Time is in decaauts)
 A = Elapsed time spent in this place.
 B = Non-inter-level travel time spent in this place.
 C = Inter-level travel time spent in this place.
 D = Time resting spent in this place.
 E = Time spent auto-exploring this place.
 F = Levels seen in this place.
 G = Mean time per level.
                   A        B        C        D        E       F      G
               +--------+--------+--------+--------+--------+-----+--------+
         Total |    416 |    416 |      0 |    319 |      0 |   1 |  416.0 |
       Dungeon |    416 |    416 |      0 |    319 |      0 |   1 |  416.0 |
               +--------+--------+--------+--------+--------+-----+--------+

Top non-repeatable levels by time:
       D: 416 daAuts
